 Dungeon Sprint DCSS version 0.20-a0-1101-g1de9d76 (webtiles) character file.

10154 potatolord5000 the Warrior (level 11, 0/115 HPs)
             Began as a Minotaur Fighter on May 5, 2017.
             Was an Initiate of Gozag.
             Killed from afar by an orc sorcerer (19 damage)
             ... with a bolt of fire
             ... in the Dungeon (Sprint IX: "|||||||||||||||||||||||||||||").
             The game lasted 00:07:18 (1885 turns).

potatolord5000 the Warrior (Minotaur Fighter)       Turns: 1885, Time: 00:07:18

Health: 0/115      AC: 21    Str: 25    XL:     11   Next: 32%
Magic:  10/10      EV: 10    Int:  5    God:    Gozag
Gold:   4970       SH: 14    Dex: 12    Spells: 10/10 levels left

rFire    . . .     SeeInvis .   o - +1 broad axe (freeze)
rCold    . . .     Gourm    .   c - +0 shield
rNeg     . . .     Faith    .   p - +1 plate armour
rPois    .         Spirit   .   (helmet restricted)
rElec    .         Reflect  .   a - +0 cloak
rCorr    .         Harm     .   (no gloves)
MR       .....     NoTele   +   s - +0 pair of boots
Stlth    ..........             (no amulet)
Regen    0.3/turn               b - +3 ring of dexterity
MPRegen  0.2/turn               q - +2 ring of evasion

@: very slightly contaminated, drained
A: retaliatory headbutt, horns 2
a: Potion Petition, Call Merchant, Bribe Branch, Renounce Religion


You were in the Dungeon.
You worshipped Gozag.
Gozag was most pleased with you.
You were very full.

You visited 1 branch You collected 4970 gold pieces.

Inventory:

Hand Weapons
 o - a +1 broad axe of freezing (weapon)
Armour
 a - a +0 cloak (worn)
 c - a +0 shield (worn)
 p - a +1 plate armour (worn)
 s - a +0 pair of boots (worn)
Jewellery
 b - a +3 ring of dexterity (left hand)
 q - a +2 ring of evasion (right hand)
Wands
 n - a wand of iceblast (7/15)
 t - a wand of digging (21/24)
Scrolls
 k - 2 scrolls of blinking
 l - 3 scrolls of remove curse
 m - 2 scrolls of amnesia
 u - 2 scrolls of identify
 v - 2 scrolls of fear
 w - a scroll of recharging
Potions
 e - 2 potions of curing
 h - a potion of brilliance
 i - 4 potions of magic
Comestibles
 f - 40 fruits
 j - 12 bread rations
 r - 11 meat rations


   Skills:
 + Level 16.4(14.9) Fighting
 + Level 16.2(14.6) Axes
 + Level 16.3(14.8) Armour
 + Level 16.4(14.9) Shields


You had 10 spell levels left.
You didn't know any spells.

Dungeon Overview and Level Annotations

Branches:
Dungeon (1/1)

Altars:
Cheibriados
Dithmenos
Elyvilon
Fedhas
Gozag
Hepliaklqana
Kikubaaqudgha
Makhleb
Nemelex Xobeh
Okawaru
Qazlal
Ru
Sif Muna
Trog
Uskayaw
Vehumet
Wu Jian
Xom
Yredelemnul
Zin
The Shining One
Beogh
Jiyva
Lugonu


Innate Abilities, Weirdness & Mutations

You reflexively headbutt those who attack you in melee.
You have a pair of horns on your head.


Message History

The orc sorcerer casts a spell at you. The bolt of negative energy hits you!
You feel drained.
* * * LOW HITPOINT WARNING * * *
You feel better. You block the orc sorcerer's attack.
You barely miss the orc sorcerer.
You headbutt the orc sorcerer, but do no damage.
The orc sorcerer is moderately wounded.
You block the orc sorcerer's attack.
You hit the orc sorcerer but do no damage.
Your headbutt misses the orc sorcerer.
The orc sorcerer is moderately wounded.
You closely miss the orc sorcerer. Your headbutt misses the orc sorcerer.
The orc sorcerer is moderately wounded.
The orc sorcerer hits you but does no damage.
You closely miss the orc sorcerer. You headbutt the orc sorcerer.
The orc sorcerer is moderately wounded.
The orc sorcerer gestures at you while chanting.
The bolt of fire hits you!
You die...
Your body crumbles into a pile of gold.

▓.▓.▓.▓.▓_▓
▓.▓.▓.▓.▓_▓
▓.▓.▓.▓.▓_▓
▓$▓.▓.▓.▓_▓
▓$▓.▓.▓.▓_▓
▓$▓.▓.▓.▓_▓
▓$▓.▓.▓.▓_▓
▓$▓.▓'▓.▓_▓
▓@▓.▓.▓.▓_▓
▓o▓.▓.▓.▓_▓
▓o▓.▓.▓.▓_▓
▓$▓.▓.▓.▓_▓
▓$▓.▓.▓.▓_▓
▓$▓.▓.▓.▓_▓
▓$▓.▓.▓.▓_▓
▓$▓.▓.▓.▓_▓
▓.▓.▓.▓_▓


You could see an orc sorcerer and an orc warrior.

Vanquished Creatures
  A hydra (D)
  Erica (D)
  A centaur warrior (D)
  3 orc knights (D)
  A cyclops (D)
  2 elephants (D)
  A black mamba (D)
  3 spiny frogs (D)
  A komodo dragon (D)
  A troll (D)
  5 polar bears (D)
  A blink frog (D)
  2 hippogriffs (D)
  A yak (D)
  A vampire mosquito (D)
  3 water moccasins (D)
  3 black bears (D)
  7 orc warriors (D)
  A sky beast (D)
  An ogre (D)
  A centaur (D)
  A crocodile (D)
  3 bullfrogs (D)
  A gnoll sergeant (D)
  A wight (D)
  A killer bee (D)
  4 orc priests (D)
  5 orc wizards (D)
  A worker ant (D)
  2 adders (D)
  An adder zombie (D)
  A leopard gecko (D)
  6 orcs (D)
  2 goblins (D)
  A kobold (D)
  A rat (D)
72 creatures vanquished.

Notes
Turn   | Place    | Note
-------+----------+-------------------------------------------
     0 | D        | potatolord5000 the Minotaur Fighter began the quest for the Orb.
     0 | D        | Reached XP level 1. HP: 19/19 MP: 0/0
    23 | D        | Noticed a worker ant
    23 | D        | Noticed an ogre
    25 | D        | Reached XP level 2. HP: 24/28 MP: 1/1
    28 | D        | Reached skill level 5 in Fighting
    28 | D        | Reached skill level 5 in Armour
    28 | D        | Reached skill level 5 in Shields
    28 | D        | Reached XP level 3. HP: 32/36 MP: 2/2
    31 | D        | Killed an ogre
    31 | D        | Reached XP level 4. HP: 36/45 MP: 3/3
    41 | D        | Found a roughly hewn altar of Beogh.
    41 | D        | Found a snail-covered altar of Cheibriados.
    41 | D        | Found a shadowy altar of Dithmenos.
    41 | D        | Found a white marble altar of Elyvilon.
    41 | D        | Found a blossoming altar of Fedhas.
    41 | D        | Found an opulent altar of Gozag.
    42 | D        | Found a hazy altar of Hepliaklqana.
    43 | D        | Found a viscous altar of Jiyva.
    44 | D        | Found an ancient bone altar of Kikubaaqudgha.
    45 | D        | Found a corrupted altar of Lugonu.
    46 | D        | Found a burning altar of Makhleb.
    47 | D        | Found a sparkling altar of Nemelex Xobeh.
    48 | D        | Found an iron altar of Okawaru.
    49 | D        | Became a worshipper of Gozag Ym Sagoz the Greedy
    50 | D        | Found a stormy altar of Qazlal.
    51 | D        | Found a sacrificial altar of Ru.
    52 | D        | Found a deep blue altar of Sif Muna.
    53 | D        | Found a bloodstained altar of Trog.
    54 | D        | Found a hide-covered altar of Uskayaw.
    55 | D        | Found a radiant altar of Vehumet.
    56 | D        | Found an ornate altar of the Wu Jian Council.
    57 | D        | Found a shimmering altar of Xom.
    58 | D        | Found a basalt altar of Yredelemnul.
    59 | D        | Found a glowing silver altar of Zin.
    60 | D        | Found a glowing golden altar of the Shining One.
   108 | D        | Noticed a sky beast
   108 | D        | Noticed a centaur
   108 | D        | Noticed a gnoll sergeant
   114 | D        | Killed a sky beast
   114 | D        | Reached XP level 5. HP: 53/53 MP: 4/4
   117 | D        | Killed a centaur
   117 | D        | Reached XP level 6. HP: 51/62 MP: 5/5
   370 | D        | Noticed a centaur warrior
   370 | D        | Noticed a troll
   370 | D        | Noticed a vampire mosquito
   370 | D        | Noticed a cyclops
   378 | D        | Killed a centaur warrior
   378 | D        | Reached skill level 10 in Axes
   378 | D        | Reached XP level 7. HP: 41/74 MP: 6/6
   378 | D        | Reached XP level 8. HP: 45/82 MP: 7/7
   388 | D        | Killed a troll
   392 | D        | Killed a cyclops
   514 | D        | Noticed a spiny frog
   514 | D        | Noticed a komodo dragon
   514 | D        | Noticed a spiny frog
   514 | D        | Noticed a spiny frog
   514 | D        | Noticed a blink frog
   518 | D        | Noticed a black mamba
   522 | D        | Killed a spiny frog
   522 | D        | Reached XP level 9. HP: 80/92 MP: 8/8
   525 | D        | Killed a komodo dragon
   531 | D        | Killed a spiny frog
   532 | D        | Noticed an elephant
   543 | D        | Killed a spiny frog
   554 | D        | Killed a black mamba
   560 | D        | Killed an elephant
   560 | D        | Reached XP level 10. HP: 57/103 MP: 9/9
   733 | D        | Noticed a five-headed hydra
   748 | D        | Noticed an elephant
   748 | D        | Killed a seven-headed hydra
   773 | D        | Killed an elephant
   773 | D        | Reached skill level 15 in Fighting
   773 | D        | Reached skill level 15 in Shields
  1145 | D        | Reached skill level 15 in Armour
  1156 | D        | Reached skill level 15 in Axes
  1286 | D        | Noticed Erica
  1302 | D        | Killed Erica
  1302 | D        | Reached XP level 11. HP: 59/114 MP: 10/10
  1534 | D        | Noticed an orc knight
  1556 | D        | Killed an orc knight
  1825 | D        | Noticed an orc knight
  1829 | D        | Noticed an orc knight
  1840 | D        | Noticed an orc sorcerer
  1842 | D        | Killed an orc knight
  1858 | D        | Killed an orc knight
  1869 | D        | Paralysed by an orc sorcerer for 7 turns
  1885 | D        | Killed from afar by an orc sorcerer

Vault maps used:
D:        linesprint

Skill      XL: |  1  2  3  4  5  6  7  8  9 10 11 |
---------------+----------------------------------+-----
Axes           | 3 4 6 7 8 10 12 13 15 16 | 16.2
Armour         | 4 5 6 7 8 11 12 14 15 16 | 16.3
Fighting       | 4 5 6 8 11 12 14 15 16 | 16.4
Shields        | 4 5 6 7 8 11 12 14 15 16 | 16.4

Action                   |  1- 3 |  4- 6 |  7- 9 | 10-12 || total
-------------------------+-------+-------+-------+-------++-------
Melee: War axe           |    20 |     3 |       |       ||    23
       Headbutt          |     4 |     7 |    14 |    52 ||    77
       Broad axe         |       |    20 |    50 |   171 ||   241
  Use: Potion            |     1 |     1 |     6 |     7 ||    15
       Scroll            |       |       |       |     1 ||     1
 Stab: Distracted        |       |       |       |     4 ||     4
       Invisible         |       |       |       |     2 ||     2
  Eat: Bread ration      |       |       |       |     1 ||     1
       Meat ration       |       |       |       |     1 ||     1
Armor: Scale mail        |     6 |     2 |       |       ||     8
       Plate armour      |       |     6 |    13 |    49 ||    68
Dodge: Dodged            |     7 |     3 |    14 |    40 ||    64
Block: Shield            |     5 |    12 |    29 |    76 ||   122
